 Dungeon Crawl Stone Soup version 0.20.1-1-g8b1a95d (webtiles) character file.

2179 vineage the Carver (level 9, -2/86 HPs)
             Began as a Minotaur Fighter on Aug 28, 2017.
             Slain by an unseen horror (8 damage)
             ... on level 7 of the Dungeon.
             The game lasted 00:09:48 (5240 turns).

vineage the Carver (Minotaur Fighter)               Turns: 5240, Time: 00:09:49

Health: -2/86      AC: 11    Str: 25    XL:     9   Next: 11%
Magic:  8/8        EV:  9    Int:  5    God:
Gold:   167        SH: 11    Dex:  7    Spells: 8/8 levels left

rFire    . . .     SeeInvis .   a - +2 long sword
rCold    . . .     Gourm    .   c - +0 shield
rNeg     . . .     Faith    .   b - +0 scale mail
rPois    .         Spirit   .   (helmet restricted)
rElec    .         Reflect  .   g - +0 cloak {+Inv}
rCorr    .         Harm     .   (no gloves)
MR       .....                  (no boots)
Stlth    ..........             (no amulet)
Regen    0.3/turn               (no ring)
MPRegen  0.2/turn               (no ring)

@: no status effects
A: retaliatory headbutt, horns 2, yellow scales 1, clumsy 1, robust 1
a: Evoke Invisibility


You were on level 7 of the Dungeon.
You were not hungry.

You visited 1 branch of the dungeon, and saw 7 of its levels.

You collected 353 gold pieces.
You spent 186 gold pieces at shops.

Inventory:

Hand Weapons
 a - a +2 long sword (weapon)
 e - a +1 mace of crushing
 f - a +4 quarterstaff of chaos
Armour
 b - a +0 scale mail (worn)
 c - a +0 shield (worn)
 g - a +0 cloak of invisibility (worn)
Jewellery
 y - an uncursed ring of ice {unknown}
Wands
 v - a wand of flame (21/48)
Scrolls
 j - a scroll of random uselessness
 l - 3 scrolls of remove curse
 p - 2 scrolls of noise
 t - 2 scrolls of identify
Potions
 k - 2 potions of flight
 s - a potion of brilliance
Comestibles
 d - a meat ration
 i - 4 bread rations
 m - a royal jelly


   Skills:
 + Level 7.1 Fighting
 + Level 8.9 Long Blades
 + Level 7.3 Armour
 + Level 3.4 Dodging
 + Level 0.5 Stealth
 + Level 7.2 Shields


You had 8 spell levels left.
You didn't know any spells.

Dungeon Overview and Level Annotations

Branches:
Dungeon (7/15)             Temple (0/1) D:7

Altars:
Trog

Shops:
D:4 ?


Innate Abilities, Weirdness & Mutations

You reflexively headbutt those who attack you in melee.
You have a pair of horns on your head.
You are partially covered in yellow scales. (AC +2)
You are clumsy. (Dex -2)
You are robust. (+10% HP)


Message History

You are too injured to fight recklessly!
You slash something! Something completely misses you. Something hits you.
* * * LOW HITPOINT WARNING * * *
Something hits you.
* * * LOW HITPOINT WARNING * * *
You barely miss something. Your headbutt misses something.
Something hits you but does no damage. You block something's attack.
Something hits you but does no damage. Something hits you.
* * * LOW HITPOINT WARNING * * *
Something hits you but does no damage. Something hits you but does no damage.
Something hits you.
* * * LOW HITPOINT WARNING * * *
Something completely misses you. Something hits you but does no damage.
Something hits you but does no damage. Something hits you!
You die...

,*#....* #[#..######***,*
.##....####.#.........#*,*
.......รท.....>.#,.....#*,*
............#).#.##*..##,*
###....##...#.....#,...#,#
**#....##...#.##..###..#.#
,.........<.#...........,*
###....##.....#######.#####
,,+..........<..@{{.......#
**#.........#############.#
,*##+...........# #......#
,***,#......###.# #.####.##
,,**,#......# #.# #.#.....#
,,**,#####.## #.# #.#.#.###
,,,*,* #.# #.# #.....#
,*,*,* #.# #)######.###
,,,,,*####.####).....#.#


There were no monsters in sight!

Vanquished Creatures
  The ghost of vineage the Slasher, a novice MiFi of Okawaru (D:6)
  The ghost of vineage the Skirmisher, an amateur MiFi (D:3)
  A sky beast (D:7)
  An orc warrior (D:6)
  2 ogres
  A necrophage (D:6)
  A centaur (D:5)
  2 howler monkeys (D:7)
  A jelly (D:7)
  3 crimson imps
  A centaur skeleton (D:6)
  A hound (D:6)
  Crazy Yiuf (D:2)
  An orc priest (D:6)
  4 iguanas
  5 orc wizards
  A bullfrog skeleton (D:4)
  Jessica (D:2)
  3 worker ants
  7 gnolls
  9 adders
  A shadow imp (D:6)
  An ooze (D:1)
  An adder zombie (D:6)
  2 worms (D:3)
  A dart slug (D:1)
  5 leopard geckos
  25 orcs
  9 giant cockroaches
  8 goblins
  12 hobgoblins
  5 jackals
  6 quokkas
  6 bats
  2 frilled lizards
  9 kobolds
  13 rats
154 creatures vanquished.

Vanquished Creatures (others)
  4 toadstools (D:1)
4 creatures vanquished.

Grand Total: 158 creatures vanquished

Notes
Turn   | Place    | Note
-------+----------+-------------------------------------------
     0 | D:1      | vineage the Minotaur Fighter began the quest for the Orb.
     0 | D:1      | Reached XP level 1. HP: 19/19 MP: 0/0
   175 | D:1      | Reached XP level 2. HP: 25/27 MP: 1/1
   299 | D:1      | Reached XP level 3. HP: 33/33 MP: 2/2
   382 | D:1      | Reached skill level 3 in Long Blades
   882 | D:2      | Reached XP level 4. HP: 40/40 MP: 3/3
  1141 | D:2      | Found a runed door.
  1145 | D:2      | Noticed Crazy Yiuf
  1158 | D:2      | Gained mutation: You are partially covered in yellow scales. (AC +2) [potion of mutation]
  1158 | D:2      | Gained mutation: You are clumsy. (Dex -2) [potion of mutation]
  1158 | D:2      | Gained mutation: You are robust. (+10% HP) [potion of mutation]
  1164 | D:2      | Killed Crazy Yiuf
  1534 | D:2      | Reached skill level 4 in Long Blades
  1791 | D:2      | Noticed Jessica
  1795 | D:2      | Killed Jessica
  1795 | D:2      | Reached XP level 5. HP: 50/50 MP: 4/4
  1828 | D:3      | Reached skill level 1 in Dodging
  2099 | D:3      | Reached skill level 5 in Armour
  2252 | D:3      | Noticed vineage's ghost (amateur MiFi)
  2260 | D:3      | Killed vineage's ghost
  2260 | D:3      | Reached skill level 5 in Long Blades
  2260 | D:3      | Reached skill level 5 in Shields
  2260 | D:3      | Reached XP level 6. HP: 56/58 MP: 5/5
  2675 | D:4      | Reached XP level 7. HP: 63/66 MP: 6/6
  2723 | D:4      | Found Socw's Magic Scroll Emporium.
  2732 | D:4      | Reached skill level 5 in Fighting
  2738 | D:4      | Bought a scroll of enchant weapon for 82 gold pieces
  2738 | D:4      | Bought a scroll of enchant weapon for 82 gold pieces
  2738 | D:4      | Bought a scroll of identify for 22 gold pieces
  3212 | D:5      | Entered Level 5 of the Dungeon
  3327 | D:5      | Reached skill level 6 in Long Blades
  3419 | D:5      | Found a bloodstained altar of Trog.
  3793 | D:6      | Reached XP level 8. HP: 73/74 MP: 7/7
  3869 | D:6      | Reached skill level 7 in Long Blades
  4033 | D:6      | Noticed vineage's ghost (novice MiFi)
  4114 | D:6      | Killed vineage's ghost
  4114 | D:6      | Reached skill level 8 in Long Blades
  5146 | D:7      | Reached XP level 9. HP: 80/85 MP: 8/8
  5240 | D:7      | Slain by an unseen horror

Skill      XL: |  1  2  3  4  5  6  7  8  9 |
---------------+----------------------------+-----
Shields        | 4 5 6 7 |  7.2
Armour         | 4 5 6 7 |  7.3
Long Blades    | 3 4 5 6 8 |  8.9
Fighting       | 4 5 6 7 |  7.1
Dodging        | 2 3 |  3.4
Stealth        | |  0.5

Action                   |  1- 3 |  4- 6 |  7- 9 || total
-------------------------+-------+-------+-------++-------
Melee: Long sword        |    60 |   141 |   271 ||   472
       Headbutt          |     7 |    18 |    42 ||    67
  Use: Potion            |       |     8 |     7 ||    15
       Scroll            |       |    10 |     9 ||    19
  Eat: Bread ration      |       |     1 |       ||     1
       Chunk             |       |     1 |     7 ||     8
       Royal jelly       |       |       |     1 ||     1
Armor: Scale mail        |    20 |    42 |   119 ||   181
Dodge: Dodged            |    18 |    35 |    61 ||   114
Block: Shield            |    40 |    57 |   125 ||   222
       Rpst.: Long sword |     7 |     9 |    19 ||    35
